 Dungeon Crawl Stone Soup version 0.21.1-1-g345015f (webtiles) character file.

22599 Hebeh the Cleaver (level 12, -8/112 HPs)
             Began as a Deep Dwarf Fighter on June 19, 2018.
             Was a High Priest of Makhleb.
             Mangled by a yak (12 damage)
             ... on level 5 of the Lair of Beasts.
             The game lasted 01:43:21 (13143 turns).

Hebeh the Cleaver (Deep Dwarf Fighter)             Turns: 13143, Time: 01:43:22

Health: -8/112     AC:  0    Str: 29    XL:     12   Next: 64%
Magic:  1/1        EV: 13    Int: 11    God:    Makhleb [*****.]
Gold:   943        SH:  0    Dex: 12    Spells: 11/11 levels left

rFire    . . .     SeeInvis .   (weapon currently unavailable)
rCold    . . .     Gourm    .   (shield currently unavailable)
rNeg     . . .     Faith    .   (armour currently unavailable)
rPois    .         Spirit   .   (helmet currently unavailable)
rElec    .         Reflect  .   (cloak currently unavailable)
rCorr    .         Harm     .   (gloves currently unavailable)
MR       +....                  (boots currently unavailable)
Stlth    +++.......             I - amulet of Descent {Regen+ Str+4 Int+2 Stlth+}
HPRegen  0.00/turn              (ring currently unavailable)
MPRegen  0.07/turn              (ring currently unavailable)

@: about to teleport, pig-form, non-regenerating, slowed
A: small, damage resistance, heal wounds, sense surroundings 2, no regeneration
a: Heal Wounds, Minor Destruction, Lesser Servant of Makhleb, Major Destruction,
Greater Servant of Makhleb, Renounce Religion


You were on level 5 of the Lair of Beasts.
You worshipped Makhleb.
Makhleb was extremely pleased with you.
You were not hungry.
You were a filthy swine.
You visited 3 branches of the dungeon, and saw 15 of its levels.

You collected 943 gold pieces.

Inventory:

Hand Weapons
 e - a +3 vampiric dagger
 u - a +0 broad axe of electrocution (melded)
 C - a +3 hand axe
 E - a +4 mace
Missiles
 G - 4 silver javelins (quivered)
Armour
 a - a +2 helmet (melded)
 b - a +0 plate armour
 c - a +0 shield (melded)
 n - a +3 chain mail (melded)
 A - a +2 pair of boots (melded)
Jewellery
 j - an uncursed ring of flight
 v - a ring of protection from magic (melded)
 B - a ring of see invisible (melded)
 I - the amulet of Descent (around neck) {Regen+ Str+4 Int+2 Stlth+}
   (You found it on level 6 of the Dungeon)

   [amulet of regeneration]

   It affects your strength (+4).
   It affects your intelligence (+2).
   It increases your rate of regeneration.
   It makes you more stealthy.
 M - an uncursed ring of protection from fire
Wands
 F - a wand of acid (13)
 J - a wand of iceblast (12)
 K - a wand of enslavement (2)
 N - a wand of flame (39)
 Q - a wand of digging (12)
 S - a wand of random effects (35)
Scrolls
 h - 8 scrolls of remove curse
 k - a scroll of enchant armour
 p - a scroll of identify
 s - a scroll of fog
 y - 2 scrolls of teleportation
 D - a scroll of blinking
 H - a scroll of amnesia
 L - 3 scrolls of magic mapping
 O - a scroll of holy word
Potions
 d - 3 potions of might
 i - 2 potions of heal wounds
 l - 7 potions of agility
 m - 5 potions of flight
 o - 2 potions of lignification
 q - 3 potions of berserk rage
 r - 3 potions of resistance
 t - 2 potions of haste
 w - a potion of cancellation {unknown}
 z - 6 potions of curing
 T - a potion of mutation {unknown}
Books
 g - a book of Frost

   Spells                             Type                      Level
   a - Freeze                         Ice                          1
   b - Throw Frost                    Conjuration/Ice              2
   c - Ozocubu's Armour               Charms/Ice                   3
   d - Throw Icicle                   Conjuration/Ice              4
   e - Summon Ice Beast               Ice/Summoning                4
Comestibles
 f - 33 rations
 x - 12 chunks of flesh


   Skills:
 + Level 8.6 Fighting
 * Level 13.5 Axes
 + Level 10.3 Armour
 - Level 3.0 Stealth
 + Level 10.2 Shields
 - Level 10.0 Evocations


You had 11 spell levels left.
You didn't know any spells.

Dungeon Overview and Level Annotations

Branches:
Dungeon (9/15)             Temple (1/1) D:5            Lair (5/6) D:9
  Swamp (0/4) Lair:4        Snake (0/4) Lair:4
  Slime: Lair:5-6       Orc: D:9-12

Altars:
Ashenzari
Cheibriados
Dithmenos
Elyvilon
Fedhas
Gozag
Hepliaklqana
Kikubaaqudgha
Makhleb
Nemelex Xobeh
Okawaru
Qazlal
Ru
Sif Muna
Trog
Uskayaw
Vehumet
Wu Jian
Xom
Yredelemnul
Zin
The Shining One

Shops:
D:7 :

Annotations:
D:6 1 runed door
Lair:2 exclusion: ice statue
Lair:4 exclusion: 2 oklob plants
Lair:5 Kirke


Innate Abilities, Weirdness & Mutations

You are resistant to damage.
You can heal yourself by infusing magical energy.
You passively map the area around you.
You do not regenerate.


Message History

The yak gores you. The yak barely misses you. The yak closely misses you.
You hit the yak.
The yak is lightly wounded.
The yak barely misses you. The yak gores you!
* * * LOW HITPOINT WARNING * * *
The yak barely misses you. The yak closely misses you.
The yak barely misses you.
You completely miss the yak.
The yak is lightly wounded.
The yak barely misses you. The yak gores you!
* * * LOW HITPOINT WARNING * * *
The yak closely misses you. The yak barely misses you. The yak gores you.
* * * LOW HITPOINT WARNING * * *
The yak barely misses you. The yak gores you!
* * * LOW HITPOINT WARNING * * *
As you read the scroll of teleportation, it crumbles to dust.
You feel strangely unstable. The yak gores you!
* * * LOW HITPOINT WARNING * * *
The yak misses you. The yak barely misses you. The yak gores you!
You die...

, , , , , ,
.. ....
,...,PP. , ,
,...##..* ,
, ,.......##
, .....P..##
, *
.........
,......YY###
* ,
*,#....Yh..#
, , *
##..PYP###
*, ,
....P...# ,
.....P..#
....,
........#
....,,
.......##
....,,,
....... *
.... .......
* ..,. , ,,
,


You could see 4 yaks.

Vanquished Creatures
  Snorg (Lair:3)
  A hydra (Lair:5)
  Harold (Lair:2)
  A two-headed ogre (D:9)
  Urug (Lair:3)
  The ghost of Supahsalami the Cleaver, a novice DDFi of Makhleb (D:8)
  2 black mambas
  5 spiny frogs
  4 komodo dragons
  2 hornets
  6 blink frogs
  6 dream sheep
  8 hippogriffs
  A wyvern (D:9)
  17 yaks
  A hungry ghost (D:7)
  2 hogs (Lair:5)
  A basilisk (Lair:2)
  2 nagas (Lair:4)
  7 water moccasins
  8 porcupines
  The ghost of Jaiteiro the Shield-Bearer, an amateur TrFi of Okawaru (D:4)
  2 sky beasts
  An orc warrior (D:6)
  3 ice beasts
  A necrophage (D:8)
  3 ogres
  The ghost of Ethylacetat the Poker, an amateur MfMo (D:3)
  A phantom (D:7)
  4 wolves (Lair:1)
  3 centaurs
  2 big kobolds
  15 crocodiles
  13 bullfrogs
  A gnoll sergeant (D:5)
  3 scorpions
  The ghost of Iko the Firebug, a weakling DDFE (D:5)
  16 wights
  4 electric eels
  3 crimson imps (D:6)
  4 hounds
  2 bullfrog zombies
  5 jellies
  10 orc priests
  2 bullfrog skeletons
  A centaur skeleton (D:7)
  Jessica (D:3)
  3 iguanas (D:5)
  8 orc wizards
  8 worker ants
  A hound zombie (D:6)
  A hound skeleton (D:6)
  Robin (D:3)
  10 gnolls
  6 adders
  2 shadow imps
  7 oozes
  2 adder skeletons (D:5)
  2 adder zombies
  2 worms
  5 dart slugs
  5 leopard geckos
  44 orcs
  8 giant cockroaches
  16 hobgoblins
  11 jackals
  4 quokkas
  A ball python (D:3)
  3 bats
  4 frilled lizards
  17 goblins
  16 kobolds
  A leopard gecko skeleton (D:4)
  16 rats
  A fungus (Lair:3)
  A plant (Lair:4)
387 creatures vanquished.

Vanquished Creatures (others)
  2 fungi
  A plant (Lair:5)
  5 toadstools (D:1)
8 creatures vanquished.

Grand Total: 395 creatures vanquished

Notes
Turn   | Place    | Note
-------+----------+-------------------------------------------
     0 | D:1      | Hebeh the Deep Dwarf Fighter began the quest for the Orb.
     0 | D:1      | Reached XP level 1. HP: 20/20 MP: 1/1
    71 | D:1      | Reached XP level 2. HP: 21/27 MP: 2/2
   364 | D:1      | Reached skill level 3 in Axes
   364 | D:1      | Reached XP level 3. HP: 23/33 MP: 3/3
   821 | D:2      | Reached XP level 4. HP: 15/42 MP: 4/4
  1384 | D:3      | Reached skill level 4 in Axes
  1384 | D:3      | Reached XP level 5. HP: 38/49 MP: 4/4
  1387 | D:3      | Noticed Ethylacetat's ghost (amateur MfMo)
  1429 | D:3      | Killed Ethylacetat's ghost
  1429 | D:3      | Reached XP level 6. HP: 22/56 MP: 5/5
  1689 | D:3      | Found a stormy altar of Qazlal.
  1871 | D:3      | Found a hide-covered altar of Uskayaw.
  1871 | D:3      | Found a bloodstained altar of Trog.
  1874 | D:3      | Found a sacrificial altar of Ru.
  1877 | D:3      | Found an opulent altar of Gozag.
  1877 | D:3      | Noticed Robin
  1906 | D:3      | Killed Robin
  1929 | D:3      | Noticed Jessica
  1932 | D:3      | Reached skill level 5 in Axes
  1946 | D:3      | Killed Jessica
  1964 | D:3      | Noticed a sky beast
  1998 | D:3      | Killed a sky beast
  2310 | D:4      | Reached XP level 7. HP: 35/64 MP: 5/5
  2356 | D:4      | Reached skill level 5 in Armour
  2372 | D:4      | Reached skill level 5 in Shields
  2493 | D:4      | Reached skill level 6 in Axes
  2513 | D:4      | Noticed Jaiteiro's ghost (amateur TrFi)
  2540 | D:4      | Killed Jaiteiro's ghost
  2731 | D:4      | Found an ornate altar of the Wu Jian Council.
  2757 | D:4      | Reached XP level 8. HP: 46/73 MP: 6/6
  2984 | D:5      | Entered Level 5 of the Dungeon
  3105 | D:5      | Reached skill level 1 in Evocations
  3111 | D:5      | Reached skill level 7 in Axes
  3543 | D:5      | Noticed Iko's ghost (weakling DDFE)
  3559 | D:5      | Killed Iko's ghost
  3678 | D:5      | Found a staircase to the Ecumenical Temple.
  3692 | D:5      | Reached skill level 5 in Fighting
  3732 | Temple   | Entered the Ecumenical Temple
  3739 | Temple   | Became a worshipper of Makhleb the Destroyer
  3794 | D:5      | HP: 3/74 [gnoll/halberd (9)]
  4120 | D:6      | Noticed a hornet
  4191 | D:6      | Got a fine bone amulet
  4282 | D:6      | Paralysed by a hornet for 1 turns
  4298 | D:5      | Paralysed by a hornet for 3 turns
  4305 | D:5      | Paralysed by a hornet for 3 turns
  4308 | D:5      | Killed a hornet
  4308 | D:5      | Reached skill level 8 in Axes
  4386 | D:5      | Identified the amulet of Descent {Regen+ Str+4 Int+2 Stlth+} (You found it on level 6 of the Dungeon)
  4481 | D:5      | Gained mutation: You passively map the area around you. [Deep Dwarf growth]
  4481 | D:5      | Reached XP level 9. HP: 53/81 MP: 5/5
  4730 | D:6      | Reached * piety under Makhleb
  4749 | D:6      | Reached skill level 1 in Stealth
  5162 | D:6      | Found a runed door.
  5614 | D:7      | Found Axilinte's Book Emporium.
  5767 | D:7      | Reached skill level 9 in Axes
  5914 | D:7      | Found a hazy altar of Hepliaklqana.
  6021 | D:7      | Reached skill level 5 in Evocations
  6385 | D:7      | Reached ** piety under Makhleb
  6622 | D:8      | Found a stormy altar of Qazlal.
  6824 | D:8      | Reached XP level 10. HP: 58/91 MP: 7/7
  6897 | D:8      | Paralysed by a hornet for 3 turns
  6955 | D:8      | Noticed a moth of wrath
  6957 | D:8      | Found a bloodstained altar of Trog.
  7178 | D:8      | Reached skill level 10 in Axes
  7256 | D:8      | Noticed Supahsalami's ghost (novice DDFi)
  7301 | D:8      | Killed Supahsalami's ghost
  7931 | D:9      | Reached *** piety under Makhleb
  7969 | D:9      | Noticed a two-headed ogre
  7985 | D:9      | Killed a two-headed ogre
  8196 | D:9      | Found a staircase to the Lair.
  8276 | D:9      | Reached skill level 11 in Axes
  8671 | Lair:1   | Entered Level 1 of the Lair of Beasts
  8782 | Lair:1   | Reached XP level 11. HP: 69/100 MP: 6/6
  9228 | Lair:1   | Reached **** piety under Makhleb
  9645 | Lair:1   | Identified a scroll of acquirement
  9925 | Lair:2   | Reached skill level 12 in Axes
 10141 | Lair:2   | Noticed Harold
 10175 | Lair:2   | Killed Harold
 10960 | Lair:3   | Noticed Urug
 11146 | Lair:3   | Killed Urug
 11146 | Lair:3   | Reached XP level 12. HP: 59/110 MP: 6/6
 11442 | Lair:3   | Noticed Snorg
 11476 | Lair:3   | Killed Snorg
 11809 | Lair:3   | Reached skill level 13 in Axes
 11819 | Lair:4   | Reached skill level 10 in Armour
 11864 | Lair:4   | Found a staircase to the Snake Pit.
 11940 | Lair:4   | Reached skill level 10 in Shields
 12012 | Lair:4   | Found a staircase to the Swamp.
 12022 | Lair:4   | Reached ***** piety under Makhleb
 13044 | Lair:5   | Noticed a five-headed hydra
 13064 | Lair:5   | Killed a five-headed hydra
 13064 | Lair:5   | Reached skill level 10 in Evocations
 13097 | Lair:5   | Noticed Kirke
 13106 | Lair:5   | Noticed a sphinx
 13143 | Lair:5   | HP: 4/112 [yak (4)]
 13143 | Lair:5   | Mangled by a yak

Skill      XL: |  1  2  3  4  5  6  7  8  9 10 11 12 |
---------------+-------------------------------------+-----
Axes           | 3 4 5 6 8 9 11 12 13 | 13.5
Fighting       | 3 4 5 6 7 8 |  8.6
Armour         | 4 5 6 7 8 9 10 | 10.3
Shields        | 4 5 6 7 8 9 10 | 10.2
Evocations     | 3 5 7 9 10 | 10.0
Stealth        | 3 |  3.0

Action                   |  1- 3 |  4- 6 |  7- 9 | 10-12 || total
-------------------------+-------+-------+-------+-------++-------
Melee: War axe           |   133 |   261 |   413 |   121 ||   928
       Mace              |       |       |   215 |    15 ||   230
       Hand axe          |       |       |       |   277 ||   277
       Broad axe         |       |       |       |   363 ||   363
       Unarmed           |       |       |       |     7 ||     7
 Abil: Heal Wounds       |       |     7 |    29 |    39 ||    75
       Evoke Flight      |       |       |       |     1 ||     1
Evoke: Wand              |       |       |     2 |     4 ||     6
  Use: Scroll            |     1 |     1 |    12 |    17 ||    31
       Potion            |       |       |       |     2 ||     2
 Stab: Distracted        |       |       |       |     1 ||     1
  Eat: Chunk             |       |     6 |    14 |     8 ||    28
       Ration            |       |       |     1 |     4 ||     5
Armor: Scale mail        |    54 |   123 |   293 |    37 ||   507
       Chain mail        |       |       |       |   334 ||   334
       Skin              |       |       |       |     8 ||     8
Dodge: Dodged            |    30 |    57 |   208 |   176 ||   471
Block: Shield            |    63 |   142 |   386 |   448 ||  1039
